 Dungeon Crawl Stone Soup version 0.21.1-1-g345015fe64 (webtiles) character file.

338 Freyura the Ducker (level 6, 0/53 HPs)
             Began as a Gnoll Monk on May 11, 2018.
             Killed by divine providence
             ... invoked by an orc priest
              (13 damage)
             ... on level 4 of the Dungeon.
             The game lasted 00:06:17 (2298 turns).

Freyura the Ducker (Gnoll Monk)                     Turns: 2298, Time: 00:06:18

Health: 0/53       AC:  3    Str: 14    XL:     6   Next: 55%
Magic:  9/9        EV: 16    Int: 12    God:
Gold:   109        SH:  5    Dex: 19    Spells: 9/9 levels left

rFire    . . .     SeeInvis .   a - +0 falchion
rCold    . . .     Gourm    .   n - +0 buckler
rNeg     . . .     Faith    .   g - +0 leather armour
rPois    .         Spirit   .   (no helmet)
rElec    .         Reflect  .   (no cloak)
rCorr    .         Harm     .   (no gloves)
MR       +....                  (no boots)
Stlth    +++.......             (no amulet)
HPRegen  0.17/turn              s - ring of protection from magic
MPRegen  0.11/turn              (no ring)

@: lethally poisoned (0 -> -2)
A: distributed training, fangs 1, strong nose
a: no special abilities


You were on level 4 of the Dungeon.
You were not hungry.

You visited 1 branch of the dungeon, and saw 4 of its levels.

You collected 109 gold pieces.

Inventory:

Hand Weapons
 a - a +0 falchion (weapon)
Armour
 b - a +0 robe
 g - a +0 leather armour (worn)
 n - a +0 buckler (worn)
Jewellery
 s - a ring of protection from magic (left hand)
Wands
 w - a wand of flame (8)
Scrolls
 e - 3 scrolls of remove curse {unknown}
 f - a scroll of blinking {unknown}
 h - 2 scrolls of amnesia {unknown}
 k - a scroll of noise {unknown}
 l - 5 scrolls of identify {unknown}
 m - 2 scrolls of teleportation {unknown}
 p - a scroll of enchant weapon {unknown}
 q - 2 scrolls of magic mapping {unknown}
 r - a scroll of fog {unknown}
 v - a scroll of immolation {unknown}
Potions
 d - 4 potions of curing {unknown}
 i - 2 potions of ambrosia {unknown}
 j - a potion of berserk rage {unknown}
 o - a potion of mutation {unknown}
 t - a potion of invisibility {unknown}
 u - a potion of flight {unknown}
Comestibles
 c - 3 rations


   Skills:
 + Level 6.8 Fighting
 + Level 2.0 Short Blades
 + Level 6.8 Long Blades
 + Level 2.0 Axes
 + Level 2.0 Maces & Flails
 + Level 2.0 Polearms
 + Level 2.0 Staves
 + Level 2.0 Slings
 + Level 2.0 Bows
 + Level 2.0 Crossbows
 + Level 2.0 Throwing
 + Level 2.0 Armour
 + Level 6.8 Dodging
 + Level 4.6 Stealth
 + Level 2.0 Shields
 + Level 2.0 Unarmed Combat
 + Level 2.0 Spellcasting
 + Level 1.5 Conjurations
 + Level 1.5 Hexes
 + Level 1.5 Charms
 + Level 1.5 Summonings
 + Level 1.5 Necromancy
 + Level 1.5 Translocations
 + Level 1.5 Transmutations
 + Level 1.5 Fire Magic
 + Level 1.5 Ice Magic
 + Level 1.5 Air Magic
 + Level 1.5 Earth Magic
 + Level 1.5 Poison Magic
 + Level 2.1 Invocations
 + Level 2.0 Evocations


You had 9 spell levels left.
You didn't know any spells.

Dungeon Overview and Level Annotations

Branches:
Dungeon (4/15)
 Temple: D:4-7

Altars:
Qazlal
Xom
Zin

Annotations:
D:3 Kuruc's ghost, amateur GnAM


Innate Abilities, Weirdness & Mutations

Your experience applies equally to all skills.
You have very sharp teeth.
Your uncanny sense of smell can sniff out nearby items.


Message History

You are too injured to fight recklessly!
You are too injured to fight recklessly!
An adder and an orc come into view.
An orc priest comes into view. It is wielding a flail.
You feel sick.
The adder hisses angrily.
The orc shouts!
The orc priest shouts!
You hear a shout!
An orc priest comes into view. It is wielding a flail.
You feel sick.
The orc priest looks braver for a moment.
You feel sick. The adder barely misses you.
The orc priest mumbles some strange prayers to Beogh against you.
Beogh smites you!
* * * LOW HITPOINT WARNING * * *
The orc shouts!
The adder misses you.
You riposte.
You hit the adder.
The adder is moderately wounded.
The orc priest calls down the wrath of Beogh upon you.
Beogh smites you!
You die...

##...#######
..#..........#
.............#
.............#
............# #
##..........##.##.#
#................#
#........)..#.####
#####....@...)†.# #∆
#......o.S......#
#......o........#
.#.#....o....#####.#
......o.....!# .#
#............# .#
....######...# .#
... ...%...
........#


You could see 2 orc priests, an adder and 2 orcs.

Vanquished Creatures
  A vampire bat (D:3)
  Natasha (D:4)
  10 adders
  3 oozes (D:1)
  A worm (D:2)
  6 dart slugs
  3 fire bats (D:3)
  5 orcs
  2 spectral bats (D:3)
  A ball python (D:2)
  3 bat skeletons (D:3)
  A bat zombie (D:3)
  5 giant cockroaches
  7 goblins
  10 hobgoblins
  A quokka (D:2)
  16 bats
  A bat simulacrum (D:3)
  A frilled lizard (D:1)
  8 kobolds
  7 rats
93 creatures vanquished.

Notes
Turn   | Place    | Note
-------+----------+-------------------------------------------
     0 | D:1      | Freyura the Gnoll Monk began the quest for the Orb.
     0 | D:1      | Reached XP level 1. HP: 23/23 MP: 1/1
    74 | D:1      | Reached XP level 2. HP: 29/29 MP: 2/2
   482 | D:1      | Reached XP level 3. HP: 35/35 MP: 3/3
   773 | D:2      | Reached skill level 1 in Invocations
   829 | D:2      | Reached skill level 1 in Short Blades
   829 | D:2      | Reached skill level 1 in Axes
   829 | D:2      | Reached skill level 1 in Maces & Flails
   829 | D:2      | Reached skill level 1 in Polearms
   829 | D:2      | Reached skill level 1 in Staves
   829 | D:2      | Reached skill level 1 in Slings
   829 | D:2      | Reached skill level 1 in Bows
   829 | D:2      | Reached skill level 1 in Crossbows
   829 | D:2      | Reached skill level 1 in Throwing
   829 | D:2      | Reached skill level 1 in Armour
   829 | D:2      | Reached skill level 1 in Shields
   829 | D:2      | Reached skill level 1 in Unarmed Combat
   829 | D:2      | Reached skill level 1 in Spellcasting
   829 | D:2      | Reached skill level 1 in Evocations
   850 | D:2      | Reached XP level 4. HP: 34/41 MP: 5/5
  1030 | D:2      | Reached skill level 1 in Conjurations
  1030 | D:2      | Reached skill level 1 in Hexes
  1030 | D:2      | Reached skill level 1 in Charms
  1030 | D:2      | Reached skill level 1 in Summonings
  1030 | D:2      | Reached skill level 1 in Necromancy
  1030 | D:2      | Reached skill level 1 in Translocations
  1030 | D:2      | Reached skill level 1 in Transmutations
  1030 | D:2      | Reached skill level 1 in Fire Magic
  1030 | D:2      | Reached skill level 1 in Ice Magic
  1030 | D:2      | Reached skill level 1 in Air Magic
  1030 | D:2      | Reached skill level 1 in Earth Magic
  1030 | D:2      | Reached skill level 1 in Poison Magic
  1376 | D:2      | Reached XP level 5. HP: 45/47 MP: 6/6
  1398 | D:2      | Found a shimmering altar of Xom.
  1850 | D:3      | Found a glowing silver altar of Zin.
  1850 | D:3      | Noticed Kuruc's ghost (amateur GnAM)
  1940 | D:3      | Reached XP level 6. HP: 51/53 MP: 8/8
  2245 | D:4      | Found a stormy altar of Qazlal.
  2255 | D:4      | Noticed Natasha
  2267 | D:4      | Killed Natasha
  2298 | D:4      | Killed from afar by an orc priest

Skill      XL: |  1  2  3  4  5  6 |
---------------+-------------------+-----
Invocations    | 1 2 |  2.1
Short Blades   | 1 2 |  2.0
Axes           | 1 2 |  2.0
Maces & Flails | 1 2 |  2.0
Polearms       | 1 2 |  2.0
Staves         | 1 2 |  2.0
Slings         | 1 2 |  2.0
Bows           | 1 2 |  2.0
Crossbows      | 1 2 |  2.0
Throwing       | 1 2 |  2.0
Armour         | 1 2 |  2.0
Shields        | 1 2 |  2.0
Unarmed Combat | 1 2 |  2.0
Spellcasting   | 1 2 |  2.0
Evocations     | 1 2 |  2.0
Conjurations   | 1 |  1.5
Hexes          | 1 |  1.5
Charms         | 1 |  1.5
Summonings     | 1 |  1.5
Necromancy     | 1 |  1.5
Translocations | 1 |  1.5
Transmutations | 1 |  1.5
Fire Magic     | 1 |  1.5
Ice Magic      | 1 |  1.5
Air Magic      | 1 |  1.5
Earth Magic    | 1 |  1.5
Poison Magic   | 1 |  1.5
Fighting       | |  6.8
Long Blades    | |  6.8
Dodging        | |  6.8
Stealth        | |  4.6

Action                   |  1- 3 |  4- 6 || total
-------------------------+-------+-------++-------
Melee: Falchion          |    74 |   183 ||   257
       Bite              |    11 |    25 ||    36
 Stab: Sleeping          |     9 |    14 ||    23
       Distracted        |     1 |       ||     1
  Eat: Ration            |       |     2 ||     2
Armor: Leather armour    |     9 |    30 ||    39
       Robe              |     4 |       ||     4
Dodge: Dodged            |    52 |   172 ||   224
Block: Buckler           |       |    28 ||    28
       Rpst.: Falchion   |    22 |    67 ||    89
